 Dungeon Crawl Stone Soup version 0.31-a0-632-g766dd24fdf (webtiles) character file.

Game seed: 8623374011014637357

1576 zenocrate the Ruffian (level 8, -1/72 HPs)
             Began as an Octopode Shapeshifter on Aug 25, 2023.
             Was an Initiate of Gozag.
             Slain by a gnoll
             ... wielding a +0 club
             ... led by a gnoll sergeant
              (4 damage)
             ... on level 5 of the Dungeon.
             The game lasted 00:09:38 (4450 turns).

zenocrate the Ruffian (Octopode Shapeshifter)       Turns: 4450, Time: 00:09:39

Health: -1/72      AC:  1    Str: 15    XL:     8   Next: 91%
Magic:  9/9        EV: 14    Int: 10    God:    Gozag
Gold:   881        SH:  0    Dex: 14    Spells: 1/9 levels left

rFire   . .          .
                       - Unarmed
rCold   . . .        (no shield)
rNeg    . . .        (helmet currently unavailable)
rPois   .            t - amulet of regeneration
rElec   .            e - +4 ring of slaying
rCorr   .            C - ring of flight
SInv    .            (no ring)
Will    .....        (no ring) Stlth
                     (no ring)
HPRegen 1.12/turn    (no ring)
MPRegen 0.11/turn    (no ring)
                     (no ring)

%: no passive effects
@: berserking, beast-form, flying, very quick
A: beast (slay +3), almost no armour, amphibious, 8 rings, camouflage 1,
gelatinous body 1, (nimble swimmer 1), tentacles
a: Begin Untransformation, Renounce Religion, Potion Petition, Call Merchant,
Bribe Branch


You were on level 5 of the Dungeon.
You worshipped Gozag.
Gozag was pleased with you.
You were a hulking beast.
You visited 1 branch of the dungeon, and saw 5 of its levels.
You also visited: Sewer and Ossuary.

You collected 948 gold pieces.
You paid 67 gold pieces to Gozag.

Inventory:

Missiles
 x - a curare-tipped dart
 y - 4 poisoned darts (quivered)
Armour
 h - a +0 buckler
Jewellery
 e - a +4 ring of slaying (left tentacle)
 t - an amulet of regeneration (around mantle)
 C - a ring of flight (right tentacle)
Talismans
 b - a beast talisman (active)
 c - a flux talisman
Wands
 r - a wand of flame (18)
Scrolls
 a - a scroll of torment {unknown}
 d - a scroll of revelation
 g - 3 scrolls of noise {unknown}
 i - 2 scrolls of fog
 l - a scroll of butterflies {unknown}
 m - 2 scrolls of fear {unknown}
 o - a scroll of immolation {unknown}
 p - 2 scrolls of teleportation {unknown}
 u - 2 scrolls of poison {unknown}
 w - 2 scrolls of enchant weapon {unknown}
Potions
 f - a potion of mutation
 j - a potion of brilliance
 k - 3 potions of curing
 q - 2 potions of heal wounds
 v - a potion of lignification
 z - a potion of might {unknown}
 A - 2 potions of enlightenment
 B - a potion of magic {unknown}


   Skills:
 + Level 1.4 Fighting
 - Level 3.0 Dodging
 - Level 2.4 Stealth
 + Level 7.0 Unarmed Combat
 - Level 1.0 Spellcasting
 - Level 1.1 Ice Magic
 + Level 4.6 Evocations
 - Level 6.6 Shapeshifting


You had one spell level left.
You knew the following spells:

 Your Spells              Type           Power      Damage    Failure   Level
a - Ozocubu's Armour      Ice            2%         N/A       54%         3
b - Yara's Violent Unrav  Hex/Tmut       0%         3d3       100%        5

Your spell library contained the following spells:

 Spells                   Type           Power      Damage    Failure   Level
 Inner Flame              Hex/Fire       0%         N/A       71%         3
 Enfeeble                 Hex            0%         N/A       100%        7
 Ozocubu's Refrigeration  Ice            1%         4d7       100%        7


Dungeon Overview and Level Annotations

Branches:
Dungeon (5/15)              Sewer (visited)         Ossuary (visited)
 Temple: D:4-7

Altars:
Gozag

Shops:
D:4 (

Annotations:
D:2 rf++


Innate Abilities, Weirdness & Mutations

You are a hulking beast.
Your limbs bulge with bestial killing power. (Slay +3)
You cannot wear most types of armour.
You are amphibious.
You can wear up to eight rings at the same time.
Your skin changes colour to match your surroundings (Stealth+).
Your rubbery body absorbs attacks. (AC +1, EV +1)
((You are camouflaged when in or above water. (Stealth+)))
You have tentacles for arms and can constrict up to eight enemies at once.


Message History

Unknown command.
You tentacle-slap the gnoll sergeant but do no damage.
The gnoll sergeant is lightly wounded.
You constrict the gnoll sergeant.
The gnoll sergeant hits you with a +0 trident.
The gnoll hits you from afar with a +0 halberd!
* * * LOW HITPOINT WARNING * * *
Unknown command.
Okay, then.
You feel much better.
You constrict the gnoll sergeant, but do no damage.
The gnoll sergeant struggles to escape constriction.
The gnoll hits you from afar with a +0 halberd.
Unknown command.
You release your grip on the gnoll sergeant.
The gnoll sergeant hits you from afar with a +0 trident!
Unknown command.
The gnoll sergeant attacks as it pursues you!
The gnoll sergeant hits you from afar with a +0 trident!
* * * LOW HITPOINT WARNING * * *
Okay, then.
You feel much better.
The gnoll sergeant hits you from afar with a +0 trident!
Unknown command.
The gnoll attacks as it pursues you!
The gnoll hits you from afar with a +0 halberd!
Unknown command.
Okay, then.
The gnoll sergeant hits you with a +0 trident!
Unknown command.
A red film seems to cover your vision as you go berserk!
You feel yourself moving faster!
You feel mighty!
The gnoll shouts!
The gnoll sergeant hits you with a +0 trident!
* * * LOW HITPOINT WARNING * * *
The gnoll hits you with a +0 halberd!
* * * LOW HITPOINT WARNING * * *
The gnoll hits you with a +0 club.
You die...
Your body crumbles into a pile of gold.

....# *#..#
##..## #...#
#g.## ##..##
##.##
##..####..## *##
##..##...#
#..#...## ###
##....## ##.. ###
###....## ##...
#.### ##gg.g#..#
##....
#...###.hg.##..##
##.....
##.......#####..#
#...... ****
#......##
#..###...... ,*,*
#....###
##..##...... +#+*
###....#
##..###..... .+,*
##......#
#.#..##.)...
.######...##..#
##.#..###...#
.'.##....######
#...#.....###
+#'#....##
##...#.))###


You could see a gnoll sergeant and 3 gnolls.

Vanquished Creatures
  Duvessa (D:4)
  An ice beast (D:5)
  A black bear (D:3)
  2 ogres
  A phantom (D:4)
  A kobold brigand (Sewer)
  An elf zombie (D:5)
  An elf skeleton (D:5)
  5 wights (D:5)
  Dowan (D:4)
  The ghost of LobsterGuardian the Slasher, a weakling DsGl (D:3)
  A howler monkey (D:3)
  A centaur zombie (Ossuary)
  A hound (D:5)
  A human zombie (Ossuary)
  A jelly (D:5)
  Crazy Yiuf (D:4)
  2 mummies (Ossuary)
  Robin (D:4)
  A gnoll (D:5)
  10 adders
  4 river rats (D:5)
  2 adder zombies (Ossuary)
  3 dart slugs (D:4)
  5 orcs
  5 endoplasms
  3 giant cockroaches
  13 goblins
  8 hobgoblins
  6 jackals
  10 kobolds
  4 quokkas
  12 ball pythons
  5 bats
  4 frilled lizards
  17 hobgoblin zombies (Ossuary)
  2 jackal zombies (Ossuary)
  6 kobold zombies (Ossuary)
  4 orc zombies (Ossuary)
  11 rats
  3 rat zombies (Ossuary)
163 creatures vanquished.

Vanquished Creatures (others)
  A rat (D:2)
1 creature vanquished.

Grand Total: 164 creatures vanquished

Notes
Turn   | Place    | Note
-------+----------+-------------------------------------------
     0 | D:1      | zenocrate the Octopode Shapeshifter began the quest for the
                  | Orb.
     0 | D:1      | Reached XP level 1. HP: 13/13 MP: 1/1
   164 | D:1      | Reached XP level 2. HP: 15/18 MP: 2/2
   490 | D:1      | Reached XP level 3. HP: 23/23 MP: 2/4
   839 | D:2      | Reached skill level 1 in Spellcasting
  1156 | D:2      | Learned a level 3 spell: Ozocubu's Armour
  1426 | D:3      | Reached XP level 4. HP: 28/28 MP: 5/5
  1600 | D:3      | Found a runed translucent gate.
  1600 | D:3      | Found a runed translucent gate.
  1600 | D:3      | Found a runed translucent gate.
  1602 | D:3      | Found an opulent altar of Gozag.
  1605 | D:3      | Noticed LobsterGuardian's ghost (weakling DsGl)
  2195 | D:3      | Killed LobsterGuardian's ghost
  2196 | D:3      | Reached skill level 4 in Unarmed Combat
  2196 | D:3      | Reached XP level 5. HP: 33/33 MP: 6/6
  2341 | D:3      | Became a worshipper of Gozag Ym Sagoz the Greedy
  2418 | D:4      | Noticed a black bear
  2419 | D:4      | Noticed an ogre
  2438 | D:3      | Killed a black bear
  2439 | D:3      | Reached XP level 6. HP: 21/38 MP: 7/7
  2543 | D:4      | Found Derr's Weapon Emporium.
  2562 | D:4      | Reached skill level 5 in Shapeshifting
  2669 | D:4      | Noticed Dowan
  2671 | D:4      | Noticed Duvessa
  2682 | D:4      | Killed Duvessa
  2683 | D:4      | Reached skill level 5 in Unarmed Combat
  2683 | D:4      | Reached XP level 7. HP: 21/43 MP: 8/8
  2691 | D:4      | Killed Dowan
  2929 | D:4      | Noticed Robin
  2958 | D:4      | Killed Robin
  2988 | D:4      | Found a runed translucent door.
  2989 | D:4      | Noticed Crazy Yiuf
  3139 | D:4      | Killed Crazy Yiuf
  3173 | D:5      | Entered Level 5 of the Dungeon
  3213 | D:5      | Reached XP level 8. HP: 48/48 MP: 9/9
  3224 | D:5      | Found a sand-covered staircase.
  3232 | Ossuary  | Entered an ossuary
  3240 | Ossuary  | Reached skill level 6 in Unarmed Combat
  3380 | Ossuary  | Reached skill level 1 in Ice Magic
  3380 | Ossuary  | Reached skill level 1 in Evocations
  3551 | D:5      | Found a glowing drain.
  3562 | Sewer    | Entered a sewer
  3617 | Sewer    | Learned a level 5 spell: Yara's Violent Unravelling
  3822 | Sewer    | Found a white marble altar of Elyvilon.
  4122 | D:5      | Reached skill level 1 in Stealth
  4231 | D:5      | Reached skill level 7 in Unarmed Combat
  4450 | D:5      | HP: 3/72 [gnoll/+0 halberd[a gnoll sergeant] (10)]
  4450 | D:5      | Slain by a gnoll

Illustrated notes

Levels and vault maps discovered:
D:1:      giann_horns, layout_loops_ring
D:2:      layout_rooms, serial_shops, shop, lemuel_flame_loot_1
D:3:      layout_loops_corners, ebering_ghost_gozag
D:4:      layout_rooms, serial_shops, nicolae_diamond_shop,
          uniq_crazy_yiuf_cottage, uniq_duvessa, uniq_robin
D:5:      layout_cave_pods, nicolae_ossuary_entry_catacombs,
          portal_sewer_entry_e

Skill      XL: |  1  2  3  4  5  6  7  8 |
---------------+-------------------------+-----
Spellcasting   | 1 |  1.0
Dodging        | 3 |  3.0
Unarmed Combat | 4 5 7 |  7.0
Shapeshifting  | 4 5 6 |  6.6
Ice Magic      | 1 |  1.1
Evocations     | 4 |  4.6
Stealth        | 2 |  2.4
Fighting       | |  1.4

Action                     |  1- 3 |  4- 6 |  7- 9 || total
---------------------------+-------+-------+-------++-------
  Melee: Unarmed           |    66 |    56 |   153 ||   275
         Constrict         |    16 |    13 |    48 ||    77
         Tentacles         |     7 |    10 |    41 ||    58
         Punch             |     2 |     1 |     6 ||     9
    Use: Potion            |       |     1 |     4 ||     5
         Scroll            |       |     1 |     5 ||     6
   Stab: Sleeping          |     8 |     5 |     3 ||    16
 Armour: Skin              |     3 |     8 |    15 ||    26
  Dodge: Dodged            |    42 |    22 |    81 ||   145

Table legend: (Time is in decaauts)
 A = Elapsed time spent in this place.
 B = Non-inter-level travel time spent in this place.
 C = Inter-level travel time spent in this place.
 D = Time resting spent in this place.
 E = Time spent auto-exploring this place.
 F = Levels seen in this place.
 G = Mean time per level.
                   A        B        C        D        E       F      G
               +--------+--------+--------+--------+--------+-----+--------+
         Total |   4429 |   4320 |    109 |    236 |   3047 |   7 |  632.7 |
       Dungeon |   3865 |   3756 |    109 |    136 |   2802 |   5 |  773.0 |
         Sewer |    300 |    300 |      0 |    100 |    114 |   1 |  300.0 |
       Ossuary |    262 |    262 |      0 |      0 |    131 |   1 |  262.0 |
               +--------+--------+--------+--------+--------+-----+--------+

Top non-repeatable levels by time:
     D:3: 1290 daAuts
     D:1: 706 daAuts
     D:4: 703 daAuts
     D:5: 689 daAuts
     D:2: 476 daAuts
   Sewer: 300 daAuts
 Ossuary: 262 daAuts
